 Dungeon Crawl Stone Soup version 0.22.1-1-ga44c0e56f4 (webtiles) character file.

157 Riddle the Skirmisher (level 5, -4/46 HPs)
             Began as a Mummy Chaos Knight on Oct 8, 2018.
             Slain by a river rat (6 damage)
             ... on level 3 of the Dungeon.
             The game lasted 00:03:47 (2417 turns).

Riddle the Skirmisher (Mummy Chaos Knight)          Turns: 2417, Time: 00:03:48

Health: -4/46      AC:  7    Str: 17    XL:     5   Next: 15%
Magic:  5/5        EV: 11    Int: 11    God:    Xom [.....*]
Gold:   64         SH:  0    Dex: 11    Spells: 4/4 levels left

rFire    x . .     SeeInvis .   a - +0 hand axe (chaos)
rCold    + . .     Gourm    .   (no shield)
rNeg     + + +     Faith    .   b - +2 leather armour
rPois    ∞         Spirit   .   (no helmet)
rElec    .         Reflect  .   f - +0 cloak
rCorr    .         Harm     .   e - +0 pair of gloves
MR       .....                  (no boots)
Stlth    ++........             g - amulet of magic regeneration
HPRegen  0.15/turn              i - ring of stealth
MPRegen  0.34/turn              (no ring)

@: no status effects
A: no food or potions, fire vulnerability, cold resistance 1, negative energy
resistance 3, torment resistance, unbreathing
a: Renounce Religion


You were on level 3 of the Dungeon.
You worshipped Xom.
You were Xom's teddy bear.
You were not hungry.

You visited 1 branch of the dungeon, and saw 3 of its levels.

You collected 64 gold pieces.

Inventory:

Hand Weapons
 a - a +0 hand axe of chaos (weapon)
Missiles
 j - 7 needles of confusion
Armour
 b - a +2 leather armour (worn)
 e - a +0 pair of gloves (worn)
 f - a +0 cloak (worn)
Jewellery
 g - an amulet of magic regeneration (around neck)
 i - a ring of stealth (left hand)
Scrolls
 d - 5 scrolls of identify
Comestibles
 c - a ration


   Skills:
 + Level 5.9 Fighting
 - Level 2.4 Axes
 - Level 1.5 Armour
 - Level 0.7 Dodging


You had 4 spell levels left.
You didn't know any spells.
Your spell library was empty.

Dungeon Overview and Level Annotations

Branches:
Dungeon (3/15)

Altars:
Fedhas
Hepliaklqana
Trog
Xom
Zin

Annotations:
D:3 1 runed door


Innate Abilities, Weirdness & Mutations

You do not eat or drink.
Your flesh is vulnerable to fire.
You are immune to poison.
Your flesh is cold resistant. (rC+)
You are immune to negative energy. (rN+++)
You are immune to unholy pain and torment.
You can survive without breathing.


Message History

You hit the river rat.
The river rat is heavily wounded.
The river rat closely misses you.
The river rat bites you but does no damage.
You closely miss the river rat.
The river rat is heavily wounded.
The river rat barely misses you. The river rat closely misses you.
You completely miss the river rat.
The river rat is heavily wounded.
The river rat bites you but does no damage.
The river rat barely misses you.
You barely miss the river rat.
The river rat is heavily wounded.
The river rat closely misses you.
You barely miss the river rat.
The river rat is heavily wounded.
The river rat bites you.
* * * LOW HITPOINT WARNING * * *
The river rat bites you.
You die...

,,,**,* #.# #.....+≈≈≈≈≈* *,*,
,****,* #<# #.<#..#..,,,* *,*, ,*
*******######..##.###******,*,
,***≈,,≈≈≈≈*#...........,,,,,,,,,
,**≈*******≈####..##....,**,**,**
,**≈*≈≈≈≈**≈#.....#**#.#,,,,*,,,,
,**≈*≈***≈*≈####.## *,.,****,,**
***,*≈*∩≈**≈* #.# **,** *,,*
*≈*≈*****≈***#@#*****,** *,,*
*≈**≈≈≈≈≈*#..r........,****,,**
*,*******#..#########.,,,,,,,,,
###*,≈≈,,≈.≈#** *,,********
...##****##** *,** >.#.# *,*
#.#.# *,* #.#.# *,* #.#(#
****,*********


You could see a river rat.

Vanquished Creatures
  An orc priest (D:3)
  4 adders
  An ooze (shapeshifter) (D:2)
  2 worms (D:2)
  4 dart slugs
  A leopard gecko (D:1)
  5 orcs (D:3)
  3 bats
  6 giant cockroaches
  9 goblins
  10 hobgoblins
  6 jackals
  7 kobolds
  A frilled lizard (D:1)
  4 rats
64 creatures vanquished.

Notes
Turn   | Place    | Note
-------+----------+-------------------------------------------
     0 | D:1      | Riddle the Mummy Chaos Knight began the quest for the Orb.
     0 | D:1      | Reached XP level 1. HP: 18/18 MP: 1/1
   177 | D:1      | Reached XP level 2. HP: 19/24 MP: 2/2
   511 | D:1      | Reached skill level 4 in Fighting
   520 | D:1      | XOM: divination: magic mapping
   546 | D:1      | Reached XP level 3. HP: 30/30 MP: 3/3
  1194 | D:2      | XOM: scenery: create altars
  1222 | D:2      | XOM: harmless Pois miscast
  1241 | D:2      | XOM: divination: magic mapping
  1295 | D:2      | Reached XP level 4. HP: 29/38 MP: 4/4
  1390 | D:2      | Reached skill level 5 in Fighting
  1501 | D:2      | Found a hazy altar of Hepliaklqana.
  1501 | D:2      | Found a faded altar of an unknown god.
  1506 | D:2      | XOM: smoke on damage
  1644 | D:2      | Found a glowing silver altar of Zin.
  1646 | D:2      | Found a bloodstained altar of Trog.
  1648 | D:2      | Found a blossoming altar of Fedhas.
  1786 | D:2      | XOM: enchant monster (good)
  1798 | D:2      | XOM: polymorph adder -> jelly
  2050 | D:2      | XOM: god gift: 7 needles of confusion
  2182 | D:3      | XOM: 1-stop teleportation journey
  2333 | D:3      | XOM: god gift: ration
  2386 | D:3      | Reached XP level 5. HP: 21/46 MP: 5/5
  2393 | D:3      | Found a runed door.
  2417 | D:3      | HP: 2/46 [river rat (2)]
  2417 | D:3      | Slain by a river rat

Skill      XL: |  1  2  3  4 |
---------------+-------------+-----
Fighting       | 4 5 |  5.9
Axes           | |  2.4
Armour         | |  1.5
Dodging        | |  0.7

Action                   |  1- 3 |  4- 6 || total
-------------------------+-------+-------++-------
Melee: Hand axe          |   135 |    89 ||   224
  Use: Scroll            |       |     3 ||     3
 Stab: Paralysed         |     3 |     2 ||     5
       Confused          |     1 |       ||     1
       Petrified         |       |     4 ||     4
Armor: Leather armour    |    47 |    30 ||    77
Dodge: Dodged            |    97 |    35 ||   132
